 Dungeon Crawl Stone Soup version 0.29.1-15-g9cfb28693d (webtiles) character file.

Game seed: 12354869005065563088

58 asdfasdf the Trooper (level 4, 0/40 HPs)
             Began as a Hill Orc Fighter on Apr 29, 2023.
             Slain by a black bear (3 damage)
             ... on level 4 of the Dungeon.
             The game lasted 00:02:39 (1433 turns).

asdfasdf the Trooper (Hill Orc Fighter)             Turns: 1433, Time: 00:02:42

Health: 0/40       AC: 12    Str: 20    XL:     4   Next: 2%
Magic:  4/4        EV:  5    Int:  8    God:
Gold:   89         SH:  4    Dex: 10    Spells: 3/3 levels left

rFire   . . .      SeeInvis .   a - +0 war axe
rCold   . . .      Faith    .   c - +0 buckler
rNeg    . . .      Spirit   .   n - +0 plate armour
rPois   .          Reflect  .   (no helmet)
rElec   .          Harm     .   (no cloak)
rCorr   .          Rampage  .   m - +0 pair of gloves
Will    .....                   (no boots)
Stlth   ..........              (no amulet)
HPRegen 0.13/turn               (no ring)
MPRegen 0.09/turn               (no ring)

@: mighty
A: no striking features
a: no special abilities


You were on level 4 of the Dungeon.
You visited 1 branch of the dungeon, and saw 3 of its levels.

You collected 89 gold pieces.

Inventory:

Hand Weapons
 a - a +0 war axe (weapon)
Armour
 c - a +0 buckler (worn)
 m - a +0 pair of gloves (worn)
 n - a +0 plate armour (worn)
Scrolls
 f - a scroll of fog
 h - a scroll of identify {unknown}
 o - 2 scrolls of immolation
Potions
 b - a potion of ambrosia {unknown}
 e - a potion of heal wounds {unknown}
 g - 2 potions of curing {unknown}
 i - a potion of flight {unknown}
 j - a potion of attraction {unknown}
 k - 2 potions of degeneration {unknown}
 l - a potion of cancellation {unknown}


   Skills:
 + Level 4.1 Fighting
 + Level 3.6 Axes
 + Level 3.9 Armour
 + Level 0.1 Dodging
 + Level 3.9 Shields


You had 3 spell levels left.
You didn't know any spells.
Your spell library was empty.

Dungeon Overview and Level Annotations

Branches:
Dungeon (4/15)
 Temple: D:4-7

Altars:
Nemelex Xobeh


Message History

You hit the ball python. You block the ball python's attack.
The ball python grabs you. The ball python constricts you.
The black bear bites you.
The black bear claws you but does no damage. x2
You have reached level 4!
You slash the black bear!
The black bear is severely wounded.
You hit the ball python.
You kill the ball python!
The black bear goes berserk!
You closely miss the black bear.
The black bear is severely wounded.
The black bear closely misses you. You block the black bear's attack. x2
The black bear bites you. The black bear claws you.
The black bear barely misses you.
You hit the black bear.
The black bear is almost dead.
The black bear bites you. The black bear claws you.
The black bear claws you but does no damage.
The black bear bites you!
* * * LOW HITPOINT WARNING * * *
The black bear claws you but does no damage.
The black bear claws you.
* * * LOW HITPOINT WARNING * * *
You hit the black bear.
The black bear is almost dead.
The black bear bites you but does no damage.
You block the black bear's attack.
The black bear claws you but does no damage.
The black bear bites you but does no damage.
The black bear claws you but does no damage.
The black bear claws you.
* * * LOW HITPOINT WARNING * * *
You feel very mighty all of a sudden. You block the black bear's attack.
The black bear claws you but does no damage.
The black bear barely misses you. x2
The black bear claws you but does no damage.
The black bear claws you.
You die...

...........##
#...........#
#.....#..#.. ...
#....#.... #...
#.......##
##..##.#......##
##..............#..
..#..........h)......
..#..........@###....
................## .
.....#............##
♣.P~.#.............#
~~.PP.......^....#....
.P~~♣.................
.......>...............
.......................
.....................


You could see a black bear (berserk).

Vanquished Creatures
  A gnoll (D:1)
  An adder (D:2)
  2 orcs (D:4)
  3 bats (D:1)
  8 endoplasms
  2 giant cockroaches
  2 hobgoblins
  3 kobolds (D:1)
  A quokka (D:1)
  3 ball pythons
  A frilled lizard (D:1)
  5 goblins
  2 rats
34 creatures vanquished.

Vanquished Creatures (others)
  2 plants (D:1)
2 creatures vanquished.

Grand Total: 36 creatures vanquished

Notes
Turn   | Place    | Note
-------+----------+-------------------------------------------
     0 | D:1      | asdfasdf the Hill Orc Fighter began the quest for the Orb.
     0 | D:1      | Reached XP level 1. HP: 19/19 MP: 1/1
   374 | D:1      | Reached XP level 2. HP: 25/27 MP: 2/2
   558 | D:1      | Reached XP level 3. HP: 8/33 MP: 3/3
   828 | D:1      | Reached skill level 4 in Fighting
  1311 | D:2      | You fall into a shaft and drop 2 floors!
  1362 | D:4      | Found a sparkling altar of Nemelex Xobeh.
  1421 | D:4      | Noticed a black bear
  1429 | D:4      | Reached XP level 4. HP: 28/40 MP: 4/4
  1432 | D:4      | HP: 2/40 [black bear (2)]
  1433 | D:4      | Slain by a black bear

Illustrated notes

Levels and vault maps discovered:
D:1:      tarquinn_simple_flora_water_d, layout_loops_ring,
          nicolae_grassy_gnolls
D:2:      layout_rooms, hellmonk_ecumenical_altar_lost_god, basic_altar,
          st_stairs_12, kennysheep_generic_room_6
D:4:      layout_cave_pools, nemelex_diamond_rough_becter,
          lightli_temple_of_fire, portal_sewer_entry_b, serial_bayou_pond_e

Skill      XL: |  1  2  3 |
---------------+----------+-----
Axes           | 3 |  3.6
Fighting       | 4 |  4.1
Armour         | |  3.9
Dodging        | |  0.1
Shields        | |  3.9

Action                   |  1- 3 |  4- 6 || total
-------------------------+-------+-------++-------
Melee: War axe           |    83 |     4 ||    87
  Use: Scroll            |     2 |       ||     2
       Potion            |       |     1 ||     1
Armor: Scale mail        |    37 |       ||    37
       Plate armour      |    21 |     8 ||    29
Dodge: Dodged            |    50 |     4 ||    54
Block: Buckler           |    21 |     4 ||    25
